cohdb
Replays
Latest Replays
All Replays
Popular Replays
Top Player Replays
Match Explorer
How It Works
Community
CoH3 Stats
Reddit
Sign in to upload your games and track your stats! →
Sign in with Steam
20 min Ra 11
Match 13037458
Overview
Messages
Build Orders
End
Construct Infanterie Kompanie
Selects Breakthrough Battlegroup
Selects Assault Grenadiers
Grenadier Squad
MG 42 Machine Gun Team
GrW 34 Mortar Team
MG 42 Machine Gun Team
Construct Luftwaffe Kompanie
Jäger Squad
Selects 2.5-tonne Cargo Truck
221 Scout Car
Jäger Squad
Jäger Squad
Support Elements
Selects Blitzkrieg
Wirbelwind Flakpanzer
2.5-tonne Cargo Truck
Marder III M Tank Destroyer
Marder III M Tank Destroyer
MG 42 Machine Gun Team
AI Takeover
S K E N G
Ra11
B L U E SKI D R OW
Ark Royal
0
0
Comments
sign in to comment!
DanielD
almost 2 years ago
https://imgur.com/a/6SLbwqU